 Dungeon Crawl Stone Soup version 0.25.1-8-g42b30a86e7 (webtiles) character file.

Game seed: 2726102574877178886

56 Abzac the Covert (level 3, -3/18 HPs)
             Began as a Vampire Assassin on Dec 18, 2020.
             Slain by an adder (4 damage)
             ... on level 2 of the Dungeon.
             The game lasted 00:04:38 (1741 turns).

Abzac the Covert (Vampire Assassin)                 Turns: 1741, Time: 00:04:39

Health: -3/18      AC:  3    Str: 11    XL:     3   Next: 69%
Magic:  3/3        EV: 12    Int: 13    God:
Gold:   74         SH:  0    Dex: 15    Spells: 2/2 levels left

rFire    . . .     SeeInvis +   a - +2 dagger
rCold    + + .     Gourm    .   (no shield)
rNeg     + + +     Faith    .   b - +0 robe
rPois    ∞         Spirit   .   (no helmet)
rElec    .         Reflect  .   c - +0 cloak
rCorr    .         Harm     .   (no gloves)
MR       .....                  (no boots)
Stlth    ++++++....             (no amulet)
HPRegen  0.00/turn              (no ring)
MPRegen  0.08/turn              (no ring)

@: bloodless
A: no food, fangs 3, see invisible, [frail 1], unbreathing
a: Bat Form, Revivify


You were on level 2 of the Dungeon.
You were bloodless.

You visited 1 branch of the dungeon, and saw 2 of its levels.

You collected 74 gold pieces.

Inventory:

Hand Weapons
 a - a +2 dagger (weapon)
Missiles
 d - 17 poisoned darts (quivered)
 e - 2 curare-tipped darts
Armour
 b - a +0 robe (worn)
 c - a +0 cloak (worn)
Jewellery
 j - an uncursed ring of protection from fire {unknown}
 l - an uncursed ring of ice {unknown}
Scrolls
 f - a scroll of enchant armour {unknown}
 g - 3 scrolls of remove curse {unknown}
 h - 4 scrolls of identify {unknown}
 i - 2 scrolls of magic mapping {unknown}
 k - a scroll of noise {unknown}
Potions
 m - a potion of degeneration {unknown}
 n - a potion of flight {unknown}


   Skills:
 - Level 1.7 Fighting
 - Level 2.3 Short Blades
 - Level 1.5 Throwing
 - Level 1.1 Dodging
 * Level 8.1 Stealth


You had 2 spell levels left.
You didn't know any spells.
Your spell library was empty.

Dungeon Overview and Level Annotations

Branches:
Dungeon (2/15)

Altars:
Gozag
Makhleb
Xom


Innate Abilities, Weirdness & Mutations

You do not eat.
You do not regenerate when monsters are visible.
You are frail without blood (-20% HP).
You can heal yourself when you bite living creatures.
You are immune to poison.
You have razor-sharp teeth.
You have supernaturally acute eyesight. (SInv)
You can survive without breathing.
[You are frail. (-10% HP)]


Message History

You closely miss the adder.
The adder is heavily wounded.
The adder barely misses you.
You hit the adder.
The adder is severely wounded.
The adder bites you.
You closely miss the adder.
The adder is severely wounded.
The adder bites you.
You hit the adder.
The adder is severely wounded.
The adder bites you.
You are too injured to fight recklessly!
You are too injured to fight recklessly!
You closely miss the adder.
The adder is severely wounded.
The adder bites you.
* * * LOW HITPOINT WARNING * * *
The adder bites you.
You die...

......#.# #≈≈≈≈≈≈..#####
..#####.# ≈≈≈≈###.......
.## ## #####....##### .#
#......# #.. .#
#####.##.### #.# <######
#.....##>#####.# †#.'(%#
#[######.##...#. ...#%(#
####.#####.# #.##.##..
.###### .......S@..#
#.##.##.. .#
####.####..######........
.# #..#........†##.. ##
####..#.##########.. #
........#### #.# #
####.#.....# ##.# #
#...###.# ###... #
....### #.# #..... # ####
#.####.#...


You could see an adder.

Vanquished Creatures
  An adder (D:2)
  A worm (D:2)
  2 dart slugs (D:1)
  A leopard gecko (D:1)
  6 goblins
  5 hobgoblins
  6 jackals
  3 quokkas (D:2)
  A ball python (D:1)
  3 bats
  2 kobolds (D:2)
  4 rats
35 creatures vanquished.

Notes
Turn   | Place    | Note
-------+----------+-------------------------------------------
     0 | D:1      | Abzac the Vampire Assassin began the quest for the Orb.
     0 | D:1      | Reached XP level 1. HP: 16/16 MP: 1/1
    66 | D:1      | Reached skill level 6 in Stealth
    90 | D:1      | Reached XP level 2. HP: 15/17 MP: 2/2
   489 | D:1      | Reached skill level 7 in Stealth
   952 | D:2      | Found a burning altar of Makhleb.
   963 | D:2      | Reached XP level 3. HP: 17/21 MP: 3/3
  1029 | D:2      | Found an opulent altar of Gozag.
  1032 | D:2      | Found a shimmering altar of Xom.
  1430 | D:2      | Reached skill level 8 in Stealth
  1741 | D:2      | Slain by an adder

Illustrated notes

Levels and vault maps discovered:
D:1:      saegor_arrival_simple_e, layout_basic
D:2:      layout_loops_ring, minmay_overflow_temple_star_quad,
          minmay_misc_feat_ornament, supply_closet_lemuel,
          chequers_serial_rivers_large_b

Skill      XL: |  1  2  3 |
---------------+----------+-----
Stealth        | 6 7 8 |  8.1
Fighting       | |  1.7
Short Blades   | |  2.3
Throwing       | |  1.5
Dodging        | |  1.1

Action                   || total
-------------------------++-------
Melee: Dagger            ||    90
       Bite              ||    11
 Abil: Exsanguinate      ||     2
       Revivify          ||     1
 Stab: Sleeping          ||    15
       Distracted        ||     1
Armor: Robe              ||    11
Dodge: Dodged            ||    25
